 Dungeon Crawl Stone Soup version 0.30.0-19-g36f170ea60 (webtiles) character file.

Game seed: 15200097494742441006

207 joshe the Magician (level 5, -7/28 HPs)
             Began as a Deep Elf Conjurer on May 31, 2023.
             Shot with an arrow by a centaur (10 damage)
             ... on level 4 of the Dungeon.
             The game lasted 00:11:38 (3144 turns).

joshe the Magician (Deep Elf Conjurer)              Turns: 3144, Time: 00:11:39

Health: -7/28      AC:  2    Str:  4    XL:     5   Next: 54%
Magic:  9/15       EV: 12    Int: 25    God:
Gold:   6          SH:  0    Dex: 13    Spells: 5/16 levels left

rFire   . . .        n - staff of conjuration
rCold   . . .        (no shield)
rNeg    . . .        a - +0 robe
rPois   .            (no helmet)
rElec   .            (no cloak)
rCorr   .            (no gloves)
SInv    +            (no boots)
Will    .....        (no amulet)
Stlth   ++           q - ring of see invisible
HPRegen 0.24/turn    (no ring)
MPRegen 0.14/turn

%: no passive effects
@: very slightly contaminated, hasted and slowed, invisible
A: no striking features
a: no special abilities


You were on level 4 of the Dungeon.
You visited 1 branch of the dungeon, and saw 4 of its levels.

You collected 160 gold pieces.
You spent 154 gold pieces at shops.

Inventory:

Armour
 a - a +0 robe (worn)
Magical Staves
 n - a staff of conjuration (weapon)
Jewellery
 q - a ring of see invisible (left hand)
Scrolls
 c - a scroll of identify
 d - 2 scrolls of summoning {unknown}
 f - a scroll of fear {unknown}
 g - 2 scrolls of immolation
 j - a scroll of blinking {unknown}
 l - a scroll of noise {unknown}
 m - a scroll of vulnerability {unknown}
 o - a scroll of enchant armour {unknown}
 p - a scroll of torment {unknown}
 v - a scroll of amnesia
Potions
 b - a potion of magic
 e - 3 potions of might
 h - a potion of brilliance
 k - 2 potions of curing
 s - 3 potions of flight
 t - a potion of cancellation
 u - a potion of invisibility


   Skills:
 - Level 3.0 Dodging
 - Level 2.4 Stealth
 - Level 6.0 Spellcasting
 - Level 5.0 Conjurations
 + Level 3.5 Hexes


You had 5 spell levels left.
You knew the following spells:

 Your Spells              Type           Power      Damage    Failure   Level
a - Magic Dart            Conj           100%       1d8       1%          1
b - Searing Ray           Conj           96%        2d7       1%          2
c - Fulminant Prism       Conj/Hex       21%        3d12      13%         4
d - Iskenderun's Mystic   Conj/Tloc      30%        2d8       26%         4

Your spell library contained the following spells:

 Spells                   Type           Power      Damage    Failure   Level
 Kiss of Death            Conj/Necr      100%       2d13      2%          1
 Dazzling Flash           Conj/Hex       86%        N/A       3%          3
 Confusing Touch          Hex            25%        N/A       5%          3
 Dispel Undead            Necr           7%         3d8       58%         4


Dungeon Overview and Level Annotations

Branches:
Dungeon (4/15)
 Temple: D:4-7

Altars:
Vehumet

Shops:
D:3 ?


Message History

An orc comes into view. It is wielding a +0 trident.
The orc wizard casts a spell.
The orc wizard flickers and vanishes for a moment.
The searing ray hits the orc wizard.
The orc wizard is heavily wounded.
The orc shouts!
You hear a shout! x2
The searing ray misses the orc.
The searing ray hits the orc wizard.
The orc wizard is heavily wounded.
You hear an angry hiss.
A centaur comes into view.
An orc priest comes into view. It is wielding a +0 hand axe.
Casting: Searing Ray (safe; 1% risk of failure)
Confirm with . or Enter, or press ? or * to list all spells.
The spell is extremely dangerous to miscast (13% risk of failure)!
Continue anyway?
Aiming: Fulminant Prism (extremely dangerous; 13% risk of failure)
Press: ? - help, Dir - move target
Okay, then.
You feel yourself speed up.
The orc hits you from afar with a +0 trident!
The centaur wields a +0 shortbow.
The centaur shoots an arrow.
The arrow misses you.
The orc hits you from afar with a +0 trident.
The centaur shoots an arrow.
The arrow hits you!
* * * LOW HITPOINT WARNING * * *
Casting: Fulminant Prism (extremely dangerous; 13% risk of failure)
Confirm with . or Enter, or press ? or * to list all spells.
The spell is extremely dangerous to miscast (13% risk of failure)!
Continue anyway?
Aiming: Fulminant Prism (extremely dangerous; 13% risk of failure)
Press: ? - help, Dir - move target You feel a surge of power!
You miscast Fulminant Prism.
You are very lightly contaminated with residual magic.
You feel off-balance for a moment.
You feel yourself slow down.
Unknown command.
You fade into invisibility!
Unknown command.
The centaur shoots an arrow.
The arrow barely misses you.
The centaur shoots an arrow.
The arrow hits you!
* * * LOW HITPOINT WARNING * * *
The centaur shoots an arrow.
The arrow hits you!
You die...

#.#
#######.##
.........#
#######..#
##..#
#####...###
#.........#
#.###.#.#.#
# #@#
#.#.#.#
#.##.###.#.#
#
#..........#
####.###.###
#.# #.#
#c###.###.#
#oo.c.....#
#####.#####
#.#####


You could see a centaur (unable to see you), an orc wizard (invisible, unable to
see you) and an orc (unable to see you).

Vanquished Creatures
  A hound (D:4)
  An orc wizard (D:4)
  Natasha (D:4)
  A gnoll (D:1)
  4 adders
  A worm (D:3)
  A dart slug (D:1)
  4 orcs (D:4)
  7 ball pythons
  5 endoplasms
  A giant cockroach (D:1)
  5 goblins
  9 hobgoblins
  10 jackals
  6 kobolds
  2 quokkas (D:3)
  4 bats
  5 frilled lizards
  3 rats
71 creatures vanquished.

Notes
Turn   | Place    | Note
-------+----------+-------------------------------------------
     0 | D:1      | joshe the Deep Elf Conjurer began the quest for the Orb.
     0 | D:1      | Reached XP level 1. HP: 10/10 MP: 6/6
   230 | D:1      | Reached XP level 2. HP: 15/15 MP: 3/8
   233 | D:1      | Learned a level 2 spell: Searing Ray
   483 | D:1      | Reached skill level 4 in Spellcasting
   507 | D:1      | Reached XP level 3. HP: 19/19 MP: 1/10
   711 | D:1      | Reached skill level 5 in Conjurations
  1471 | D:2      | Reached skill level 5 in Spellcasting
  1597 | D:2      | Found a faded altar of an unknown god.
  1737 | D:2      | You fall into a shaft and drop 1 floor!
  1786 | D:2      | Reached XP level 4. HP: 24/24 MP: 10/13
  1791 | D:2      | Learned a level 4 spell: Fulminant Prism
  1846 | D:2      | Learned a level 4 spell: Iskenderun's Mystic Blast
  2206 | D:3      | Found a radiant altar of Vehumet.
  2222 | D:3      | Reached skill level 1 in Hexes
  2651 | D:3      | Found Fozaicwe's Magic Scroll Shoppe.
  2659 | D:3      | Bought a scroll of identify for 22 gold pieces
  2659 | D:3      | Bought a scroll of amnesia for 44 gold pieces
  2659 | D:3      | Bought a scroll of identify for 22 gold pieces
  2659 | D:3      | Bought a scroll of immolation for 44 gold pieces
  2659 | D:3      | Bought a scroll of identify for 22 gold pieces
  2763 | D:4      | Noticed Natasha
  2767 | D:4      | Killed Natasha
  2832 | D:4      | Noticed an ice beast
  2852 | D:4      | Reached XP level 5. HP: 28/28 MP: 9/15
  2920 | D:4      | Reached skill level 6 in Spellcasting
  3130 | D:4      | Noticed a centaur
  3144 | D:4      | Shot with an arrow by a centaur

Illustrated notes

Levels and vault maps discovered:
D:1:      elethiomel_arrival_maze, layout_basic
D:2:      layout_rooms, chequers_ecumenical_altar_simple, minmay_3d_cube
D:3:      layout_rooms, old_standard_altar, serial_shops, nicolae_shop_peninsula
D:4:      layout_loops_ring, mainiacjoe_overflow_small_starburst, uniq_natasha

Skill      XL: |  1  2  3  4  5 |
---------------+----------------+-----
Spellcasting   | 4 5 6 |  6.0
Conjurations   | 5 |  5.0
Hexes          | 2 3 |  3.5
Dodging        | 3 |  3.0
Stealth        | |  2.4

Action                     |  1- 3 |  4- 6 || total
---------------------------+-------+-------++-------
   Cast: Magic Dart        |    79 |    39 ||   118
         Searing Ray       |     2 |     9 ||    11
    Use: Scroll            |     1 |     8 ||     9
         Potion            |       |     2 ||     2
  Dodge: Dodged            |     2 |     7 ||     9
